Nashville Predators vs Philadelphia Flyers
Created - Sunday, March 26, 2023 at 07:13
Goals
|
| Nashville Predators |
0 |
1 |
1 |
2 |
| Philadelphia Flyers |
0 |
1 |
0 |
1 |
|
Shots
|
| Nashville Predators |
17 |
12 |
11 |
40 |
| Philadelphia Flyers |
15 |
7 |
15 |
37 |
|
1st period
No Goal
Penalties :
Artem Zub (NSH) for Hooking (Minor) at 19:44
2nd period
1. Philadelphia Flyers , Tyler Bertuzzi 6 (Matt Boldy 3, Elias Lindholm 9) at 1:16 (PP)
2. Nashville Predators , Janne Kuokkanen 2 (Loui Eriksson 2, Zemgus Girgensons 1) at 12:08
Penalties :
Evgenii Dadonov (PHI) for Interference (Minor) at 9:58, Artem Zub (NSH) for Hooking (Minor) at 14:34
3rd period
3. Nashville Predators , Sam Gagner 7 (Brandon Saad 7, Corey Perry 6) at 13:37
Penalties :
Tyler Bertuzzi (PHI) for Hooking (Minor) at 3:01
Goalie Stats
Adin Hill (NSH), 36 saves from 37 shots - (0.973), W, 2-1-0, 60:00 minutes
Mackenzie Blackwood (PHI), 38 saves from 40 shots - (0.950), L, 1-2-0, 58:08 minutes
Players Stats for Nashville Predators
Player Name G A P +/- PIM S H SB GA TA FO MP PP MP PK MP
------------------------------------------------------------------------------------
Artem Zub 0 0 0 1 4 1 3 0 1 1 0/0 17:56 1:34 0:00
Bowen Byram 0 0 0 0 0 1 1 1 0 1 0/0 15:52 2:24 0:08
Brandon Saad 0 1 1 1 0 1 1 0 1 0 1/8 18:45 2:17 2:02
Cale Makar 0 0 0 0 0 2 3 2 1 1 0/0 27:10 2:24 2:06
Corey Perry 0 1 1 1 0 7 0 1 0 1 1/2 18:31 2:07 1:59
Janne Kuokkanen 1 0 1 1 0 5 0 2 0 0 0/0 14:05 0:00 0:39
Justin Braun 0 0 0 1 0 2 3 1 0 0 0/0 24:54 0:00 2:06
Loui Eriksson 0 1 1 1 0 3 0 1 0 0 0/0 13:56 0:10 0:19
Marco Rossi 0 0 0 0 0 1 4 0 0 0 1/6 12:07 0:00 0:00
Nate Schmidt 0 0 0 1 0 3 0 0 0 3 0/0 19:23 1:34 1:25
Nick Bjugstad 0 0 0 0 0 2 1 0 0 0 1/2 14:13 1:41 0:00
Nolan Patrick 0 0 0 0 0 0 2 0 0 0 1/1 12:31 0:10 0:13
Oliver Kylington 0 0 0 1 0 0 1 2 0 0 0/0 14:44 0:00 1:17
Pat Maroon 0 0 0 0 0 1 5 0 1 0 0/0 15:26 1:41 1:13
Rasmus Kupari 0 0 0 0 0 2 1 0 0 0 0/1 12:07 0:00 0:00
Sam Gagner 1 0 1 1 0 3 1 0 0 0 11/20 17:09 2:07 0:37
Thomas Novak 0 0 0 0 0 5 0 0 1 1 6/15 14:13 1:41 0:00
Zemgus Girgensons 0 1 1 1 0 1 1 1 0 1 8/15 13:25 0:00 0:00
Players Stats for Philadelphia Flyers
Player Name G A P +/- PIM S H SB GA TA FO MP PP MP PK MP
------------------------------------------------------------------------------------
Alexander Barabanov 0 0 0 0 0 0 1 1 1 0 1/2 15:15 0:16 1:14
Alexander Edler 0 0 0 -1 0 1 0 0 0 0 0/0 20:29 2:40 1:40
Ben Chiarot 0 0 0 -1 0 0 1 3 1 1 0/0 20:14 0:00 2:18
Calle Jarnkrok 0 0 0 -1 0 2 1 2 0 0 8/12 14:22 0:00 2:06
Carter Verhaeghe 0 0 0 0 0 2 0 0 0 1 0/1 13:29 1:25 0:00
Derrick Pouliot 0 0 0 0 0 0 0 1 1 0 0/0 15:56 0:51 0:00
Elias Lindholm 0 1 1 0 0 8 1 0 0 0 11/19 18:55 1:50 1:32
Evan Rodrigues 0 0 0 -1 0 1 0 0 0 0 0/1 14:19 1:41 0:00
Evgenii Dadonov 0 0 0 -1 2 4 0 0 1 1 0/0 13:39 1:25 0:00
Justin Faulk 0 0 0 0 0 2 0 2 0 1 0/0 21:59 2:40 0:00
Marcus Johansson 0 0 0 0 0 1 0 0 0 0 0/0 12:24 0:00 0:20
Matt Boldy 0 1 1 -1 0 1 0 0 2 0 0/0 16:08 1:42 0:00
Matt Roy 0 0 0 -1 0 0 1 4 0 0 0/0 19:09 0:00 1:40
Oliver Ekman-Larsson 0 0 0 -1 0 1 0 1 0 1 0/0 22:13 0:51 2:18
Tomas Tatar 0 0 0 0 0 1 1 0 3 0 0/0 12:04 0:00 0:00
Tyler Bertuzzi 1 0 1 0 2 4 1 0 0 0 0/1 18:01 1:50 0:38
Tyler Johnson 0 0 0 0 0 8 1 0 0 0 6/9 12:04 0:00 0:00
Yanni Gourde 0 0 0 -2 0 1 4 2 0 0 14/25 15:20 0:24 2:06
3 Stars
1 - Adin Hill (NSH)
2 - Mackenzie Blackwood (PHI)
3 - Sam Gagner (NSH)
Power Play
Nashville Predators - 0 on 2 Attempt(s) - 0.00%
Philadelphia Flyers - 1 on 2 Attempt(s) - 50.00%
Penalty Kill
Nashville Predators - 1 on 2 Attempt(s) - 50.00%
- Score 0 goal in Penalty Kill
Philadelphia Flyers - 2 on 2 Attempt(s) - 100.00%
- Score 0 goal in Penalty Kill
Team Stat
Nashville Predators - Hits : 27 - Faceoff Wins : 30 - Blocked Shots : 11 - Penalty Minutes : 4
Philadelphia Flyers - Hits : 12 - Faceoff Wins : 40 - Blocked Shots : 16 - Penalty Minutes : 4
Official
Referees : Wes McCauley and Brian Pochmara
Linesman : Michel Cormier and Trent Knorr
Game Notes
No Game Note
Finance
Level 1 -- Attendance: 5313 (88.55%) -- Ticket Income $515,361
Level 2 -- Attendance: 5000 (100.00%) -- Ticket Income $285,000
Level 3 -- Attendance: 2105 (70.17%) -- Ticket Income $77,885
Level 4 -- Attendance: 4350 (87.00%) -- Ticket Income $104,400
Luxury Box -- Attendance: 966 (96.60%) -- Ticket Income $188,370
Game was played at the Wells Fargo Center.
Total Attendance: 17734 (88.67%)
Total Ticket Income: $1,171,016
Other Income: $409,856
Total Income: $1,580,872
Nashville Predators
5 vs 5 Forward
Center Left Wing Right Wing Time % Phy DF OF
1 Sam Gagner Brandon Saad Corey Perry 28 1 2 2
2 Thomas Novak Pat Maroon Nick Bjugstad 26 1 2 2
3 Zemgus Girgensons Loui Eriksson Janne Kuokkanen 24 1 2 2
4 Marco Rossi Nolan Patrick Rasmus Kupari 22 1 2 2
5 vs 5 Defense
Defense Defense Time % Phy DF OF
1 Cale Makar Justin Braun 40 1 2 2
2 Nate Schmidt Artem Zub 30 1 2 2
3 Bowen Byram Oliver Kylington 25 1 2 2
4 Cale Makar Justin Braun 5 1 2 2
PowerPlay Forward
Center Left Wing Right Wing Time % Phy DF OF
1 Sam Gagner Brandon Saad Corey Perry 60 1 2 2
2 Thomas Novak Pat Maroon Nick Bjugstad 40 1 2 2
PowerPlay Defense
Defense Defense Time % Phy DF OF
1 Cale Makar Bowen Byram 60 1 2 2
2 Nate Schmidt Artem Zub 40 1 2 2
Penalty Kill 4 Players Forward
Center Wing Time % Phy DF OF
1 Brandon Saad Corey Perry 60 1 2 2
2 Sam Gagner Pat Maroon 40 1 2 2
Penalty Kill 4 Players Defense
Defense Defense Time % Phy DF OF
1 Cale Makar Justin Braun 60 1 2 2
2 Nate Schmidt Artem Zub 40 1 2 2
Penalty Kill - 3 Players Forward
Forward Time % Phy DF OF
1 Brandon Saad 60 1 2 2
2 Corey Perry 40 1 2 2
Penalty Kill - 3 Players Defense
Defense Defense Time % Phy DF OF
1 Cale Makar Justin Braun 60 1 2 2
2 Nate Schmidt Artem Zub 40 1 2 2
4 vs 4 Forward
Center Wing Time % Phy DF OF
1 Brandon Saad Corey Perry 60 1 2 2
2 Sam Gagner Pat Maroon 40 1 2 2
4 vs 4 Defense
Defense Defense Time % Phy DF OF
1 Cale Makar Bowen Byram 60 1 2 2
2 Nate Schmidt Artem Zub 40 1 2 2
Last Minutes Offensive
Center Left Wing Right Wing Defense Defense
Sam Gagner Brandon Saad Corey Perry Cale Makar Justin Braun
Last Minutes Defensive
Center Left Wing Right Wing Defense Defense
Sam Gagner Brandon Saad Corey Perry Cale Makar Justin Braun
Goaltenders
Starting : Adin Hill
Backup : Alexandar Georgiev
Extra Forwards
Normal : Thomas Novak, Loui Eriksson, Janne Kuokkanen - PP : Thomas Novak, Loui Eriksson - PK : Janne Kuokkanen
Extra Defensemen
Normal : Bowen Byram, Oliver Kylington, Nate Schmidt - PP : Bowen Byram - PK : Oliver Kylington, Nate Schmidt
Penalty Shots
Brandon Saad, Corey Perry, Sam Gagner, Pat Maroon, Thomas Novak
Philadelphia Flyers
5 vs 5 Forward
Center Left Wing Right Wing Time % Phy DF OF
1 Elias Lindholm Tyler Bertuzzi Alexander Barabanov 30 1 1 3
2 Yanni Gourde Matt Boldy Evan Rodrigues 30 1 1 3
3 Calle Jarnkrok Carter Verhaeghe Evgenii Dadonov 20 0 3 2
4 Tyler Johnson Tomas Tatar Marcus Johansson 20 0 3 1
5 vs 5 Defense
Defense Defense Time % Phy DF OF
1 Justin Faulk Matt Roy 35 1 2 2
2 Oliver Ekman-Larsson Ben Chiarot 35 1 2 2
3 Alexander Edler Derrick Pouliot 30 1 2 2
4 Justin Faulk Matt Roy 0 1 2 2
PowerPlay Forward
Center Left Wing Right Wing Time % Phy DF OF
1 Elias Lindholm Tyler Bertuzzi Matt Boldy 55 0 1 4
2 Evan Rodrigues Carter Verhaeghe Evgenii Dadonov 45 0 1 4
PowerPlay Defense
Defense Defense Time % Phy DF OF
1 Justin Faulk Alexander Edler 55 0 1 4
2 Oliver Ekman-Larsson Derrick Pouliot 45 0 1 4
Penalty Kill 4 Players Forward
Center Wing Time % Phy DF OF
1 Yanni Gourde Calle Jarnkrok 55 0 4 1
2 Elias Lindholm Tyler Bertuzzi 45 0 4 1
Penalty Kill 4 Players Defense
Defense Defense Time % Phy DF OF
1 Ben Chiarot Oliver Ekman-Larsson 50 0 4 1
2 Matt Roy Alexander Edler 50 0 4 1
Penalty Kill - 3 Players Forward
Forward Time % Phy DF OF
1 Yanni Gourde 50 0 4 1
2 Calle Jarnkrok 50 0 4 1
Penalty Kill - 3 Players Defense
Defense Defense Time % Phy DF OF
1 Ben Chiarot Oliver Ekman-Larsson 50 0 5 0
2 Matt Roy Alexander Edler 50 0 5 0
4 vs 4 Forward
Center Wing Time % Phy DF OF
1 Elias Lindholm Tyler Bertuzzi 50 1 1 3
2 Yanni Gourde Matt Boldy 50 1 1 3
4 vs 4 Defense
Defense Defense Time % Phy DF OF
1 Justin Faulk Matt Roy 50 1 2 2
2 Oliver Ekman-Larsson Ben Chiarot 50 1 2 2
Last Minutes Offensive
Center Left Wing Right Wing Defense Defense
Elias Lindholm Tyler Bertuzzi Matt Boldy Justin Faulk Oliver Ekman-Larsson
Last Minutes Defensive
Center Left Wing Right Wing Defense Defense
Elias Lindholm Tyler Bertuzzi Yanni Gourde Ben Chiarot Matt Roy
Goaltenders
Starting : Mackenzie Blackwood
Backup : Linus Ullmark
Extra Forwards
Normal : Elias Lindholm, Yanni Gourde, Carter Verhaeghe - PP : Elias Lindholm, Yanni Gourde - PK : Elias Lindholm
Extra Defensemen
Normal : Justin Faulk, Oliver Ekman-Larsson, Alexander Edler - PP : Justin Faulk - PK : Ben Chiarot, Alexander Edler
Penalty Shots
Evgenii Dadonov, Evan Rodrigues, Calle Jarnkrok, Ben Chiarot, Matt Roy
% Time on Ice - Nashville Predators
Lines # - Real PCT - Wanted PCT - Time Play
Normal Forward
1 - 26% - 28% - 13:31
2 - 24% - 26% - 12:32
3 - 26% - 24% - 13:25
4 - 23% - 22% - 12:07
Normal Defense
1 - 41% - 40% - 21:17
2 - 32% - 30% - 16:24
3 - 26% - 25% - 13:17
4 - 1% - 5% - 0:37
PP Forward
1 - 58% - 60% - 2:17
2 - 42% - 40% - 1:41
PP Defense
1 - 61% - 60% - 2:24
2 - 39% - 40% - 1:34
PK Forward
1 - 82% - 60% - 2:54
2 - 18% - 40% - 0:37
PK Defense
1 - 60% - 60% - 2:06
2 - 40% - 40% - 1:25
PK3 Forward
1 - 0% - 60%
2 - 0% - 40%
PK3 Defense
1 - 0% - 60%
2 - 0% - 40%
44 Forward
1 - 0% - 60%
2 - 0% - 40%
44 Defense
1 - 0% - 60%
2 - 0% - 40%
Last Minute Offensive - 0:00
Last Minute Defensive - 0:56
Total
Forward - 60:00
Defense - 60:00
|
% Time on Ice - Philadelphia Flyers
Lines # - Real PCT - Wanted PCT - Time Play
Normal Forward
1 - 28% - 30% - 14:30
2 - 25% - 30% - 12:38
3 - 24% - 20% - 12:04
4 - 24% - 20% - 12:04
Normal Defense
1 - 36% - 35% - 18:12
2 - 35% - 35% - 18:06
3 - 29% - 30% - 14:58
4 - 0% - 0% - 0:00
PP Forward
1 - 52% - 55% - 1:50
2 - 48% - 45% - 1:41
PP Defense
1 - 76% - 55% - 2:40
2 - 24% - 45% - 0:51
PK Forward
1 - 61% - 55% - 2:26
2 - 39% - 45% - 1:32
PK Defense
1 - 58% - 50% - 2:18
2 - 42% - 50% - 1:40
PK3 Forward
1 - 0% - 50%
2 - 0% - 50%
PK3 Defense
1 - 0% - 50%
2 - 0% - 50%
44 Forward
1 - 0% - 50%
2 - 0% - 50%
44 Defense
1 - 0% - 50%
2 - 0% - 50%
Last Minute Offensive - 1:15
Last Minute Defensive - 0:00
Total
Forward - 60:00
Defense - 60:00
|
Play-by-Play
1st period
0:01 of 1st period - Corey Perry wins face-off versus Tyler Bertuzzi in neutral zone.
1:05 of 1st period - Icing by Tomas Tatar.
1:06 of 1st period - Tyler Johnson wins face-off versus Rasmus Kupari in Philadelphia Flyers zone.
1:20 of 1st period - Off-side.
1:21 of 1st period - Calle Jarnkrok wins face-off versus Sam Gagner in neutral zone.
1:30 of 1st period - Backhand shot by Carter Verhaeghe.
1:30 of 1st period - Stopped by Adin Hill without a rebound.
1:31 of 1st period - Calle Jarnkrok wins face-off versus Sam Gagner in Nashville Predators zone.
1:44 of 1st period - Bowen Byram is hit by Calle Jarnkrok and loses puck.
1:55 of 1st period - Snap shot by Carter Verhaeghe.
1:55 of 1st period - Stopped by Adin Hill with a rebound.
2:09 of 1st period - Wrist shot by Carter Verhaeghe.
2:09 of 1st period - Shot Misses the Net.
2:11 of 1st period - Slapshot by Alexander Edler.
2:11 of 1st period - Deflect By Evgenii Dadonov.
2:11 of 1st period - Stopped by Adin Hill without a rebound.
2:12 of 1st period - Yanni Gourde wins face-off versus Marco Rossi in Nashville Predators zone.
2:38 of 1st period - Nate Schmidt is hit by Matt Roy and loses puck.
2:47 of 1st period - Slapshot by Artem Zub.
2:47 of 1st period - Shot Misses the Net.
3:16 of 1st period - Off-side.
3:17 of 1st period - Zemgus Girgensons wins face-off versus Yanni Gourde in neutral zone.
3:47 of 1st period - Tyler Bertuzzi is hit by Oliver Kylington and loses puck.
3:51 of 1st period - Icing by Alexander Edler.
3:52 of 1st period - Zemgus Girgensons wins face-off versus Elias Lindholm in Philadelphia Flyers zone.
4:44 of 1st period - Slapshot by Nolan Patrick.
4:44 of 1st period - Shot Blocked by Derrick Pouliot.
4:52 of 1st period - Snap shot by Rasmus Kupari.
4:52 of 1st period - Shot Misses the Net.
5:09 of 1st period - Wrist shot by Tyler Bertuzzi.
5:09 of 1st period - Shot Misses the Net.
5:11 of 1st period - Snap shot by Elias Lindholm.
5:11 of 1st period - Stopped by Adin Hill without a rebound.
5:12 of 1st period - Yanni Gourde wins face-off versus Brandon Saad in Nashville Predators zone.
5:21 of 1st period - Snap shot by Evan Rodrigues.
5:21 of 1st period - Shot Misses the Net.
5:25 of 1st period - Wrist shot by Matt Boldy.
5:25 of 1st period - Shot Misses the Net.
5:37 of 1st period - Carter Verhaeghe is hit by Cale Makar and loses puck.
6:45 of 1st period - Matt Roy is hit by Zemgus Girgensons and loses puck.
7:26 of 1st period - Cale Makar is hit by Tyler Johnson.
7:41 of 1st period - Justin Braun is hit by Yanni Gourde and loses puck.
7:59 of 1st period - Icing by Cale Makar.
8:00 of 1st period - Elias Lindholm wins face-off versus Zemgus Girgensons in Nashville Predators zone.
8:11 of 1st period - Snap shot by Elias Lindholm.
8:11 of 1st period - Stopped by Adin Hill with a rebound.
8:34 of 1st period - Wrist shot by Evan Rodrigues.
8:34 of 1st period - Stopped by Adin Hill with a rebound.
8:57 of 1st period - Derrick Pouliot is hit by Nolan Patrick and loses puck.
9:09 of 1st period - Icing by Nolan Patrick.
9:10 of 1st period - Calle Jarnkrok wins face-off versus Sam Gagner in Nashville Predators zone.
9:11 of 1st period - Snap shot by Evgenii Dadonov.
9:11 of 1st period - Stopped by Adin Hill with a rebound.
9:13 of 1st period - Wrist shot by Calle Jarnkrok.
9:13 of 1st period - Stopped by Adin Hill without a rebound.
9:14 of 1st period - Sam Gagner wins face-off versus Calle Jarnkrok in Nashville Predators zone.
9:19 of 1st period - Slapshot by Cale Makar.
9:19 of 1st period - Shot Misses the Net.
9:21 of 1st period - Snap shot by Corey Perry.
9:21 of 1st period - Shot Hit the Post.
9:23 of 1st period - Slapshot by Justin Braun.
9:23 of 1st period - Stopped by Mackenzie Blackwood with a rebound.
9:25 of 1st period - Snap shot by Corey Perry.
9:25 of 1st period - Stopped by Mackenzie Blackwood with a rebound.
9:27 of 1st period - Snap shot by Sam Gagner.
9:27 of 1st period - Shot Misses the Net.
9:29 of 1st period - Slapshot by Cale Makar.
9:29 of 1st period - Stopped by Mackenzie Blackwood with a rebound.
9:43 of 1st period - Snap shot by Thomas Novak.
9:43 of 1st period - Shot Blocked by Yanni Gourde.
9:45 of 1st period - Wrist shot by Thomas Novak.
9:45 of 1st period - Shot Misses the Net.
9:47 of 1st period - Snap shot by Pat Maroon.
9:47 of 1st period - Stopped by Mackenzie Blackwood without a rebound.
9:48 of 1st period - Zemgus Girgensons wins face-off versus Elias Lindholm in Philadelphia Flyers zone.
9:51 of 1st period - Wrist shot by Janne Kuokkanen.
9:51 of 1st period - Deflect By Zemgus Girgensons.
9:51 of 1st period - Shot Misses the Net.
9:51 of 1st period - Puck is out of play.
9:52 of 1st period - Elias Lindholm wins face-off versus Zemgus Girgensons in Philadelphia Flyers zone.
10:20 of 1st period - Icing by Cale Makar.
10:21 of 1st period - Brandon Saad wins face-off versus Yanni Gourde in Nashville Predators zone.
10:28 of 1st period - Snap shot by Cale Makar.
10:28 of 1st period - Shot Blocked by Matt Roy.
10:30 of 1st period - Wrist shot by Sam Gagner.
10:30 of 1st period - Shot Blocked by Matt Roy.
10:32 of 1st period - Slapshot by Justin Braun.
10:32 of 1st period - Shot Misses the Net.
10:34 of 1st period - Wrist shot by Sam Gagner.
10:34 of 1st period - Stopped by Mackenzie Blackwood with a rebound.
10:51 of 1st period - Tyler Johnson is hit by Pat Maroon and loses puck.
11:23 of 1st period - Icing by Bowen Byram.
11:24 of 1st period - Zemgus Girgensons wins face-off versus Calle Jarnkrok in Nashville Predators zone.
11:31 of 1st period - Wrist shot by Brandon Saad.
11:31 of 1st period - Shot Misses the Net.
11:39 of 1st period - Snap shot by Corey Perry.
11:39 of 1st period - Shot Misses the Net.
12:13 of 1st period - Artem Zub is hit by Yanni Gourde and loses puck.
12:44 of 1st period - Snap shot by Corey Perry.
12:44 of 1st period - Stopped by Mackenzie Blackwood with a rebound.
13:04 of 1st period - Backhand shot by Tyler Johnson.
13:04 of 1st period - Stopped by Adin Hill without a rebound.
13:05 of 1st period - Yanni Gourde wins face-off versus Thomas Novak in Nashville Predators zone.
13:06 of 1st period - Wrist shot by Matt Boldy.
13:06 of 1st period - Shot Misses the Net.
13:12 of 1st period - Wrist shot by Pat Maroon.
13:12 of 1st period - Shot Misses the Net.
13:14 of 1st period - Slapshot by Oliver Kylington.
13:14 of 1st period - Shot Blocked by Oliver Ekman-Larsson.
13:16 of 1st period - Snap shot by Nick Bjugstad.
13:16 of 1st period - Stopped by Mackenzie Blackwood with a rebound.
13:18 of 1st period - Wrist shot by Thomas Novak.
13:18 of 1st period - Stopped by Mackenzie Blackwood with a rebound.
13:38 of 1st period - Icing by Brandon Saad.
13:39 of 1st period - Sam Gagner wins face-off versus Tyler Johnson in Nashville Predators zone.
13:53 of 1st period - Slapshot by Corey Perry.
13:53 of 1st period - Stopped by Mackenzie Blackwood with a rebound.
14:19 of 1st period - Icing by Justin Braun.
14:20 of 1st period - Yanni Gourde wins face-off versus Brandon Saad in Nashville Predators zone.
15:10 of 1st period - Snap shot by Tomas Tatar.
15:10 of 1st period - Stopped by Adin Hill with a rebound.
15:12 of 1st period - Wrist shot by Tyler Johnson.
15:12 of 1st period - Stopped by Adin Hill without a rebound.
15:13 of 1st period - Zemgus Girgensons wins face-off versus Yanni Gourde in Nashville Predators zone.
15:42 of 1st period - Off-side.
15:43 of 1st period - Thomas Novak wins face-off versus Elias Lindholm in neutral zone.
16:13 of 1st period - Oliver Ekman-Larsson is hit by Marco Rossi and loses puck.
16:54 of 1st period - Slapshot by Evgenii Dadonov.
16:54 of 1st period - Stopped by Adin Hill without a rebound.
16:55 of 1st period - Sam Gagner wins face-off versus Carter Verhaeghe in Nashville Predators zone.
17:39 of 1st period - Slapshot by Loui Eriksson.
17:39 of 1st period - Stopped by Mackenzie Blackwood without a rebound.
17:40 of 1st period - Zemgus Girgensons wins face-off versus Alexander Barabanov in Philadelphia Flyers zone.
17:41 of 1st period - Slapshot by Cale Makar.
17:41 of 1st period - Shot Misses the Net.
17:47 of 1st period - Snap shot by Loui Eriksson.
17:47 of 1st period - Shot Blocked by Ben Chiarot.
17:49 of 1st period - Snap shot by Loui Eriksson.
17:49 of 1st period - Shot Misses the Net.
17:51 of 1st period - Snap shot by Justin Braun.
17:51 of 1st period - Stopped by Mackenzie Blackwood without a rebound.
17:52 of 1st period - Thomas Novak wins face-off versus Yanni Gourde in Philadelphia Flyers zone.
17:55 of 1st period - Backhand shot by Nick Bjugstad.
17:55 of 1st period - Stopped by Mackenzie Blackwood with a rebound.
17:57 of 1st period - Wrist shot by Artem Zub.
17:57 of 1st period - Stopped by Mackenzie Blackwood with a rebound.
18:07 of 1st period - Slapshot by Thomas Novak.
18:07 of 1st period - Shot Hit the Post.
18:36 of 1st period - Wrist shot by Zemgus Girgensons.
18:36 of 1st period - Deflect By Janne Kuokkanen.
18:36 of 1st period - Stopped by Mackenzie Blackwood with a rebound.
18:38 of 1st period - Wrist shot by Janne Kuokkanen.
18:38 of 1st period - Stopped by Mackenzie Blackwood with a rebound.
18:40 of 1st period - Wrist shot by Janne Kuokkanen.
18:40 of 1st period - Stopped by Mackenzie Blackwood without a rebound.
18:41 of 1st period - Tyler Johnson wins face-off versus Thomas Novak in Philadelphia Flyers zone.
18:46 of 1st period - Snap shot by Tyler Johnson.
18:46 of 1st period - Stopped by Adin Hill with a rebound.
18:48 of 1st period - Slapshot by Justin Faulk.
18:48 of 1st period - Deflect By Tyler Johnson.
18:48 of 1st period - Stopped by Adin Hill with a rebound.
18:50 of 1st period - Snap shot by Tyler Johnson.
18:50 of 1st period - Stopped by Adin Hill without a rebound.
18:51 of 1st period - Yanni Gourde wins face-off versus Nick Bjugstad in Nashville Predators zone.
18:54 of 1st period - Snap shot by Matt Boldy.
18:54 of 1st period - Shot Misses the Net.
19:10 of 1st period - Wrist shot by Thomas Novak.
19:10 of 1st period - Stopped by Mackenzie Blackwood without a rebound.
19:11 of 1st period - Marco Rossi wins face-off versus Elias Lindholm in Philadelphia Flyers zone.
19:16 of 1st period - Snap shot by Cale Makar.
19:16 of 1st period - Shot Misses the Net.
19:22 of 1st period - Snap shot by Marco Rossi.
19:22 of 1st period - Shot Misses the Net.
19:44 of 1st period - Minor Penalty to Artem Zub for Hooking.
19:45 of 1st period - Elias Lindholm wins face-off versus Brandon Saad in Nashville Predators zone.
Goals for this period are 0 for Nashville Predators vs 0 for Philadelphia Flyers.
Shots for this period are 17 for Nashville Predators vs 15 for Philadelphia Flyers.
2nd period
0:01 of 2nd period - Elias Lindholm wins face-off versus Brandon Saad in neutral zone.
0:35 of 2nd period - Icing by Justin Faulk.
0:36 of 2nd period - Sam Gagner wins face-off versus Evan Rodrigues in Philadelphia Flyers zone.
1:09 of 2nd period - Wrist shot by Evgenii Dadonov.
1:09 of 2nd period - Stopped by Adin Hill without a rebound.
1:10 of 2nd period - Elias Lindholm wins face-off versus Brandon Saad in Nashville Predators zone.
1:16 of 2nd period - Wrist shot by Tyler Bertuzzi.
1:16 of 2nd period - Goal by Tyler Bertuzzi - Nashville Predators : 0 - Philadelphia Flyers : 1.
1:17 of 2nd period - Yanni Gourde wins face-off versus Thomas Novak in neutral zone.
1:25 of 2nd period - Snap shot by Thomas Novak.
1:25 of 2nd period - Deflect By Justin Faulk.
1:25 of 2nd period - Shot Blocked by Yanni Gourde.
1:25 of 2nd period - Puck is out of play.
1:26 of 2nd period - Yanni Gourde wins face-off versus Thomas Novak in Philadelphia Flyers zone.
1:26 of 2nd period - Yanni Gourde is hit by Nick Bjugstad.
1:36 of 2nd period - Wrist shot by Matt Boldy.
1:36 of 2nd period - Shot Misses the Net.
1:52 of 2nd period - Wrist shot by Matt Boldy.
1:52 of 2nd period - Shot Misses the Net.
1:59 of 2nd period - Off-side.
2:00 of 2nd period - Elias Lindholm wins face-off versus Zemgus Girgensons in neutral zone.
2:05 of 2nd period - Alexander Barabanov is hit by Artem Zub and loses puck.
2:26 of 2nd period - Icing by Ben Chiarot.
2:27 of 2nd period - Elias Lindholm wins face-off versus Marco Rossi in Philadelphia Flyers zone.
2:27 of 2nd period - Elias Lindholm is hit by Nolan Patrick.
2:53 of 2nd period - Evgenii Dadonov is hit by Brandon Saad and loses puck.
3:14 of 2nd period - Oliver Kylington is hit by Alexander Barabanov and loses puck.
3:27 of 2nd period - Backhand shot by Tyler Bertuzzi.
3:27 of 2nd period - Shot Misses the Net.
3:45 of 2nd period - Snap shot by Thomas Novak.
3:45 of 2nd period - Stopped by Mackenzie Blackwood without a rebound.
3:46 of 2nd period - Sam Gagner wins face-off versus Tyler Johnson in Philadelphia Flyers zone.
3:49 of 2nd period - Slapshot by Cale Makar.
3:49 of 2nd period - Shot Misses the Net.
4:12 of 2nd period - Elias Lindholm is hit by Justin Braun and loses puck.
4:17 of 2nd period - Slapshot by Nate Schmidt.
4:17 of 2nd period - Deflect By Tyler Bertuzzi.
4:17 of 2nd period - Stopped by Mackenzie Blackwood without a rebound.
4:18 of 2nd period - Calle Jarnkrok wins face-off versus Marco Rossi in Philadelphia Flyers zone.
4:27 of 2nd period - Wrist shot by Carter Verhaeghe.
4:27 of 2nd period - Shot Misses the Net.
5:12 of 2nd period - Slapshot by Nate Schmidt.
5:12 of 2nd period - Shot Misses the Net.
5:14 of 2nd period - Wrist shot by Marco Rossi.
5:14 of 2nd period - Stopped by Mackenzie Blackwood with a rebound.
5:16 of 2nd period - Wrist shot by Artem Zub.
5:16 of 2nd period - Shot Blocked by Ben Chiarot.
5:26 of 2nd period - Slapshot by Oliver Ekman-Larsson.
5:26 of 2nd period - Stopped by Adin Hill with a rebound.
6:00 of 2nd period - Wrist shot by Nolan Patrick.
6:00 of 2nd period - Shot Misses the Net.
6:02 of 2nd period - Slapshot by Nate Schmidt.
6:02 of 2nd period - Shot Misses the Net.
6:04 of 2nd period - Snap shot by Artem Zub.
6:04 of 2nd period - Shot Misses the Net.
6:06 of 2nd period - Snap shot by Nolan Patrick.
6:06 of 2nd period - Shot Misses the Net.
6:08 of 2nd period - Backhand shot by Nate Schmidt.
6:08 of 2nd period - Stopped by Mackenzie Blackwood without a rebound.
6:09 of 2nd period - Yanni Gourde wins face-off versus Sam Gagner in Philadelphia Flyers zone.
6:21 of 2nd period - Icing by Derrick Pouliot.
6:22 of 2nd period - Yanni Gourde wins face-off versus Thomas Novak in Philadelphia Flyers zone.
6:35 of 2nd period - Wrist shot by Matt Boldy.
6:35 of 2nd period - Shot Misses the Net.
7:04 of 2nd period - Snap shot by Elias Lindholm.
7:04 of 2nd period - Stopped by Adin Hill without a rebound.
7:05 of 2nd period - Tyler Johnson wins face-off versus Sam Gagner in Nashville Predators zone.
7:30 of 2nd period - Justin Faulk is hit by Bowen Byram and loses puck.
8:19 of 2nd period - Slapshot by Corey Perry.
8:19 of 2nd period - Stopped by Mackenzie Blackwood with a rebound.
8:21 of 2nd period - Slapshot by Bowen Byram.
8:21 of 2nd period - Shot Blocked by Matt Roy.
8:36 of 2nd period - Snap shot by Elias Lindholm.
8:36 of 2nd period - Shot Misses the Net.
8:38 of 2nd period - Backhand shot by Alexander Barabanov.
8:38 of 2nd period - Deflect By Elias Lindholm.
8:38 of 2nd period - Stopped by Adin Hill without a rebound.
8:39 of 2nd period - Yanni Gourde wins face-off versus Thomas Novak in Nashville Predators zone.
9:47 of 2nd period - Slapshot by Nate Schmidt.
9:47 of 2nd period - Shot Blocked by Calle Jarnkrok.
9:58 of 2nd period - Minor Penalty to Evgenii Dadonov for Interference.
9:59 of 2nd period - Sam Gagner wins face-off versus Yanni Gourde in Philadelphia Flyers zone.
10:03 of 2nd period - Wrist shot by Brandon Saad.
10:03 of 2nd period - Shot Blocked by Ben Chiarot.
10:05 of 2nd period - Snap shot by Brandon Saad.
10:05 of 2nd period - Stopped by Mackenzie Blackwood without a rebound.
10:06 of 2nd period - Yanni Gourde wins face-off versus Sam Gagner in Philadelphia Flyers zone.
10:21 of 2nd period - Oliver Ekman-Larsson is hit by Cale Makar and loses puck.
11:58 of 2nd period - Penalty to Evgenii Dadonov is over, Evgenii Dadonov is back on ice.
12:08 of 2nd period - Wrist shot by Janne Kuokkanen.
12:08 of 2nd period - Goal by Janne Kuokkanen - Nashville Predators : 1 - Philadelphia Flyers : 1.
12:09 of 2nd period - Thomas Novak wins face-off versus Elias Lindholm in neutral zone.
12:24 of 2nd period - Slapshot by Thomas Novak.
12:24 of 2nd period - Stopped by Mackenzie Blackwood without a rebound.
12:25 of 2nd period - Yanni Gourde wins face-off versus Sam Gagner in Philadelphia Flyers zone.
12:50 of 2nd period - Thomas Novak is hit by Elias Lindholm.
13:12 of 2nd period - Slapshot by Cale Makar.
13:12 of 2nd period - Stopped by Mackenzie Blackwood with a rebound.
13:18 of 2nd period - Justin Braun is hit by Tomas Tatar and loses puck.
13:55 of 2nd period - Snap shot by Corey Perry.
13:55 of 2nd period - Shot Misses the Net.
13:58 of 2nd period - Icing by Calle Jarnkrok.
13:59 of 2nd period - Calle Jarnkrok wins face-off versus Sam Gagner in Philadelphia Flyers zone.
14:06 of 2nd period - Wrist shot by Corey Perry.
14:06 of 2nd period - Shot Misses the Net.
14:25 of 2nd period - Ben Chiarot is hit by Sam Gagner and loses puck.
14:32 of 2nd period - Wrist shot by Carter Verhaeghe.
14:32 of 2nd period - Shot Hit the Post.
14:34 of 2nd period - Minor Penalty to Artem Zub for Hooking.
14:35 of 2nd period - Elias Lindholm wins face-off versus Brandon Saad in Nashville Predators zone.
16:34 of 2nd period - Penalty to Artem Zub is over, Artem Zub is back on ice.
16:59 of 2nd period - Matt Boldy is hit by Pat Maroon and loses puck.
17:16 of 2nd period - Snap shot by Tomas Tatar.
17:16 of 2nd period - Deflect By Tyler Johnson.
17:16 of 2nd period - Stopped by Adin Hill with a rebound.
17:32 of 2nd period - Snap shot by Carter Verhaeghe.
17:32 of 2nd period - Shot Blocked by Oliver Kylington.
17:43 of 2nd period - Off-side.
17:44 of 2nd period - Calle Jarnkrok wins face-off versus Sam Gagner in neutral zone.
17:51 of 2nd period - Wrist shot by Evgenii Dadonov.
17:51 of 2nd period - Shot Misses the Net.
17:53 of 2nd period - Snap shot by Calle Jarnkrok.
17:53 of 2nd period - Stopped by Adin Hill with a rebound.
18:13 of 2nd period - Snap shot by Thomas Novak.
18:13 of 2nd period - Stopped by Mackenzie Blackwood without a rebound.
18:14 of 2nd period - Zemgus Girgensons wins face-off versus Calle Jarnkrok in Philadelphia Flyers zone.
18:21 of 2nd period - Snap shot by Zemgus Girgensons.
18:21 of 2nd period - Deflect By Loui Eriksson.
18:21 of 2nd period - Stopped by Mackenzie Blackwood with a rebound.
18:23 of 2nd period - Slapshot by Artem Zub.
18:23 of 2nd period - Deflect By Zemgus Girgensons.
18:23 of 2nd period - Stopped by Mackenzie Blackwood without a rebound.
18:24 of 2nd period - Calle Jarnkrok wins face-off versus Zemgus Girgensons in Philadelphia Flyers zone.
18:55 of 2nd period - Slapshot by Janne Kuokkanen.
18:55 of 2nd period - Deflect By Zemgus Girgensons.
18:55 of 2nd period - Shot Misses the Net.
18:55 of 2nd period - Puck is out of play.
18:56 of 2nd period - Yanni Gourde wins face-off versus Thomas Novak in Philadelphia Flyers zone.
18:56 of 2nd period - Yanni Gourde is hit by Pat Maroon.
19:42 of 2nd period - Justin Faulk is hit by Marco Rossi.
19:50 of 2nd period - Marcus Johansson is hit by Marco Rossi and loses puck.
19:58 of 2nd period - Icing by Tomas Tatar.
19:59 of 2nd period - Tyler Johnson wins face-off versus Zemgus Girgensons in Philadelphia Flyers zone.
Goals for this period are 1 for Nashville Predators vs 1 for Philadelphia Flyers.
Shots for this period are 12 for Nashville Predators vs 7 for Philadelphia Flyers.
3rd period
0:01 of 3rd period - Thomas Novak wins face-off versus Yanni Gourde in neutral zone.
0:32 of 3rd period - Off-side.
0:33 of 3rd period - Sam Gagner wins face-off versus Elias Lindholm in neutral zone.
0:40 of 3rd period - Wrist shot by Corey Perry.
0:40 of 3rd period - Stopped by Mackenzie Blackwood with a rebound.
0:42 of 3rd period - Snap shot by Oliver Kylington.
0:42 of 3rd period - Shot Blocked by Justin Faulk.
0:44 of 3rd period - Wrist shot by Corey Perry.
0:44 of 3rd period - Stopped by Mackenzie Blackwood with a rebound.
0:46 of 3rd period - Slapshot by Oliver Kylington.
0:46 of 3rd period - Shot Hit the Post.
1:24 of 3rd period - Snap shot by Loui Eriksson.
1:24 of 3rd period - Deflect By Janne Kuokkanen.
1:24 of 3rd period - Stopped by Mackenzie Blackwood with a rebound.
2:10 of 3rd period - Snap shot by Elias Lindholm.
2:10 of 3rd period - Stopped by Adin Hill with a rebound.
2:16 of 3rd period - Snap shot by Elias Lindholm.
2:16 of 3rd period - Stopped by Adin Hill without a rebound.
2:17 of 3rd period - Yanni Gourde wins face-off versus Thomas Novak in Nashville Predators zone.
2:26 of 3rd period - Slapshot by Nick Bjugstad.
2:26 of 3rd period - Shot Blocked by Matt Roy.
3:01 of 3rd period - Minor Penalty to Tyler Bertuzzi for Hooking.
3:02 of 3rd period - Sam Gagner wins face-off versus Yanni Gourde in Philadelphia Flyers zone.
3:03 of 3rd period - Snap shot by Cale Makar.
3:03 of 3rd period - Deflect By Brandon Saad.
3:03 of 3rd period - Shot Blocked by Calle Jarnkrok.
3:03 of 3rd period - Puck is out of play.
3:04 of 3rd period - Sam Gagner wins face-off versus Yanni Gourde in Philadelphia Flyers zone.
3:29 of 3rd period - Oliver Ekman-Larsson is hit by Pat Maroon and loses puck.
3:37 of 3rd period - Off-side.
3:38 of 3rd period - Nick Bjugstad wins face-off versus Yanni Gourde in neutral zone.
3:41 of 3rd period - Slapshot by Nate Schmidt.
3:41 of 3rd period - Stopped by Mackenzie Blackwood with a rebound.
5:01 of 3rd period - Penalty to Tyler Bertuzzi is over, Tyler Bertuzzi is back on ice.
5:27 of 3rd period - Justin Faulk is hit by Cale Makar and loses puck.
6:53 of 3rd period - Off-side.
6:54 of 3rd period - Thomas Novak wins face-off versus Elias Lindholm in neutral zone.
7:09 of 3rd period - Slapshot by Elias Lindholm.
7:09 of 3rd period - Shot Misses the Net.
7:21 of 3rd period - Wrist shot by Corey Perry.
7:21 of 3rd period - Stopped by Mackenzie Blackwood with a rebound.
7:49 of 3rd period - Snap shot by Matt Boldy.
7:49 of 3rd period - Shot Misses the Net.
7:51 of 3rd period - Slapshot by Matt Boldy.
7:51 of 3rd period - Shot Blocked by Bowen Byram.
8:05 of 3rd period - Wrist shot by Rasmus Kupari.
8:05 of 3rd period - Stopped by Mackenzie Blackwood with a rebound.
8:07 of 3rd period - Slapshot by Bowen Byram.
8:07 of 3rd period - Stopped by Mackenzie Blackwood with a rebound.
8:31 of 3rd period - Wrist shot by Thomas Novak.
8:31 of 3rd period - Shot Blocked by Alexander Barabanov.
9:10 of 3rd period - Snap shot by Yanni Gourde.
9:10 of 3rd period - Stopped by Adin Hill with a rebound.
9:12 of 3rd period - Wrist shot by Evan Rodrigues.
9:12 of 3rd period - Shot Misses the Net.
9:14 of 3rd period - Snap shot by Yanni Gourde.
9:14 of 3rd period - Shot Misses the Net.
9:32 of 3rd period - Matt Roy is hit by Marco Rossi and loses puck.
9:54 of 3rd period - Alexander Barabanov is hit by Pat Maroon.
10:15 of 3rd period - Janne Kuokkanen is hit by Ben Chiarot and loses puck.
10:49 of 3rd period - Snap shot by Tomas Tatar.
10:49 of 3rd period - Deflect By Tyler Johnson.
10:49 of 3rd period - Stopped by Adin Hill without a rebound.
10:50 of 3rd period - Elias Lindholm wins face-off versus Thomas Novak in Nashville Predators zone.
10:51 of 3rd period - Snap shot by Tyler Bertuzzi.
10:51 of 3rd period - Shot Misses the Net.
11:41 of 3rd period - Zemgus Girgensons is hit by Yanni Gourde and loses puck.
11:56 of 3rd period - Rasmus Kupari is hit by Yanni Gourde and loses puck.
12:07 of 3rd period - Evgenii Dadonov is hit by Rasmus Kupari and loses puck.
12:52 of 3rd period - Wrist shot by Janne Kuokkanen.
12:52 of 3rd period - Deflect By Loui Eriksson.
12:52 of 3rd period - Shot Misses the Net.
12:52 of 3rd period - Puck is out of play.
12:53 of 3rd period - Tyler Johnson wins face-off versus Zemgus Girgensons in Philadelphia Flyers zone.
12:53 of 3rd period - Tyler Johnson is hit by Justin Braun.
13:07 of 3rd period - Snap shot by Marcus Johansson.
13:07 of 3rd period - Shot Blocked by Janne Kuokkanen.
13:09 of 3rd period - Wrist shot by Tomas Tatar.
13:09 of 3rd period - Shot Hit the Post.
13:11 of 3rd period - Slapshot by Derrick Pouliot.
13:11 of 3rd period - Shot Blocked by Janne Kuokkanen.
13:13 of 3rd period - Slapshot by Alexander Edler.
13:13 of 3rd period - Shot Blocked by Cale Makar.
13:23 of 3rd period - Snap shot by Tyler Johnson.
13:23 of 3rd period - Stopped by Adin Hill without a rebound.
13:24 of 3rd period - Sam Gagner wins face-off versus Yanni Gourde in Nashville Predators zone.
13:37 of 3rd period - Wrist shot by Sam Gagner.
13:37 of 3rd period - Goal by Sam Gagner - Nashville Predators : 2 - Philadelphia Flyers : 1.
13:38 of 3rd period - Thomas Novak wins face-off versus Yanni Gourde in neutral zone.
14:03 of 3rd period - Alexander Barabanov is hit by Justin Braun and loses puck.
14:24 of 3rd period - Slapshot by Evgenii Dadonov.
14:24 of 3rd period - Shot Blocked by Loui Eriksson.
14:26 of 3rd period - Snap shot by Justin Faulk.
14:26 of 3rd period - Stopped by Adin Hill with a rebound.
14:28 of 3rd period - Snap shot by Evgenii Dadonov.
14:28 of 3rd period - Shot Misses the Net.
14:38 of 3rd period - Slapshot by Cale Makar.
14:38 of 3rd period - Shot Misses the Net.
14:45 of 3rd period - Icing by Ben Chiarot.
14:46 of 3rd period - Nolan Patrick wins face-off versus Calle Jarnkrok in Philadelphia Flyers zone.
14:47 of 3rd period - Snap shot by Marco Rossi.
14:47 of 3rd period - Shot Misses the Net.
15:00 of 3rd period - Oliver Ekman-Larsson is hit by Artem Zub and loses puck.
15:45 of 3rd period - Wrist shot by Rasmus Kupari.
15:45 of 3rd period - Stopped by Mackenzie Blackwood without a rebound.
15:46 of 3rd period - Tyler Johnson wins face-off versus Zemgus Girgensons in Philadelphia Flyers zone.
15:54 of 3rd period - Icing by Justin Braun.
15:55 of 3rd period - Zemgus Girgensons wins face-off versus Tyler Johnson in Nashville Predators zone.
16:37 of 3rd period - Wrist shot by Loui Eriksson.
16:37 of 3rd period - Stopped by Mackenzie Blackwood with a rebound.
17:08 of 3rd period - Snap shot by Marcus Johansson.
17:08 of 3rd period - Stopped by Adin Hill with a rebound.
17:10 of 3rd period - Slapshot by Matt Roy.
17:10 of 3rd period - Shot Blocked by Justin Braun.
17:12 of 3rd period - Snap shot by Justin Faulk.
17:12 of 3rd period - Shot Blocked by Cale Makar.
17:24 of 3rd period - Snap shot by Marcus Johansson.
17:24 of 3rd period - Deflect By Tyler Johnson.
17:24 of 3rd period - Shot Blocked by Zemgus Girgensons.
17:24 of 3rd period - Puck is out of play.
17:25 of 3rd period - Alexander Barabanov wins face-off versus Marco Rossi in Nashville Predators zone.
17:26 of 3rd period - Wrist shot by Elias Lindholm.
17:26 of 3rd period - Stopped by Adin Hill with a rebound.
17:28 of 3rd period - Slapshot by Alexander Edler.
17:28 of 3rd period - Stopped by Adin Hill without a rebound.
17:29 of 3rd period - Elias Lindholm wins face-off versus Marco Rossi in Nashville Predators zone.
17:34 of 3rd period - Wrist shot by Elias Lindholm.
17:34 of 3rd period - Stopped by Adin Hill with a rebound.
17:36 of 3rd period - Slapshot by Derrick Pouliot.
17:36 of 3rd period - Shot Blocked by Oliver Kylington.
18:00 of 3rd period - Wrist shot by Corey Perry.
18:00 of 3rd period - Deflect By Sam Gagner.
18:00 of 3rd period - Stopped by Mackenzie Blackwood without a rebound.
18:01 of 3rd period - Calle Jarnkrok wins face-off versus Corey Perry in Philadelphia Flyers zone.
18:08 of 3rd period - Philadelphia Flyers, Mackenzie Blackwood is pulled from the net.
18:39 of 3rd period - Elias Lindholm is hit by Artem Zub and loses puck.
18:50 of 3rd period - Pat Maroon is hit by Tyler Bertuzzi and loses puck.
19:03 of 3rd period - Snap shot by Tyler Bertuzzi.
19:03 of 3rd period - Stopped by Adin Hill without a rebound.
19:04 of 3rd period - Phil Housley call a timeout for Philadelphia Flyers.
19:04 of 3rd period - Elias Lindholm wins face-off versus Brandon Saad in Nashville Predators zone.
19:05 of 3rd period - Wrist shot by Tyler Bertuzzi.
19:05 of 3rd period - Stopped by Adin Hill with a rebound.
19:07 of 3rd period - Snap shot by Justin Faulk.
19:07 of 3rd period - Stopped by Adin Hill with a rebound.
19:09 of 3rd period - Snap shot by Matt Boldy.
19:09 of 3rd period - Stopped by Adin Hill without a rebound.
19:10 of 3rd period - Sam Gagner wins face-off versus Elias Lindholm in Nashville Predators zone.
19:29 of 3rd period - Wrist shot by Sam Gagner.
19:29 of 3rd period - Shot Blocked by Justin Faulk.
19:52 of 3rd period - Snap shot by Tyler Bertuzzi.
19:52 of 3rd period - Stopped by Adin Hill with a rebound.
19:54 of 3rd period - Slapshot by Elias Lindholm.
19:54 of 3rd period - Shot Hit the Post.
19:56 of 3rd period - Snap shot by Oliver Ekman-Larsson.
19:56 of 3rd period - Shot Blocked by Corey Perry.
19:58 of 3rd period - Snap shot by Matt Boldy.
19:58 of 3rd period - Shot Misses the Net.
Goals for this period are 1 for Nashville Predators vs 0 for Philadelphia Flyers.
Shots for this period are 11 for Nashville Predators vs 15 for Philadelphia Flyers.
Back to the Top